 Dungeon Crawl Stone Soup version 0.28.0-62-gf88900778d (webtiles) character file.

Game seed: 2533632278854552033

2911 hikkokomori the Fighter (level 10, 0/80 HPs)
             Began as a Formicid Fighter on Mar 15, 2023.
             Slain by an unseen horror (2 damage)
             ... on level 7 of the Dungeon.
             The game lasted 00:16:52 (8165 turns).

hikkokomori the Fighter (Formicid Fighter)          Turns: 8165, Time: 00:16:53

Health: 0/80       AC: 20    Str: 23 (25) XL:     10   Next: 6%
Magic:  10/10      EV:  9    Int: 13 (14) God:
Gold:   390        SH:  6    Dex:  8 (10) Spells: 9/9 levels left

rFire   . . .      SeeInvis +   a - +0 war axe
rCold   . . .      Faith    .   c - +1 buckler
rNeg    . . .      Spirit   .   x - +4 scale mail
rPois   .          Reflect  .   (helmet unavailable)
rElec   .          Harm     .   i - +2 cloak
rCorr   .          Rampage  .   (no gloves)
Will    +....                   w - +0 pair of boots
Stlth   ..........              (no amulet)
HPRegen 0.23/turn               j - +4 ring of protection
MPRegen 0.12/turn               h - +6 ring of intelligence

@: no status effects
A: permanent stasis, dig shafts and tunnels, antennae 3, four strong arms
a: Dig, Shaft Self


You were on level 7 of the Dungeon.
You visited 1 branch of the dungeon, and saw 8 of its levels.
You also visited: Ossuary.

You collected 390 gold pieces.

Inventory:

Hand Weapons
 a - a +0 war axe (weapon)
Missiles
 t - 3 throwing nets
Armour
 b - a +0 scale mail
 c - a +1 buckler (worn)
 i - a +2 cloak (worn)
 w - a +0 pair of boots (worn)
 x - a +4 scale mail (worn)
Jewellery
 h - a +6 ring of intelligence (right hand)
 j - a +4 ring of protection (left hand)
Wands
 o - a wand of paralysis (9)
Scrolls
 d - 3 scrolls of blinking
 e - a scroll of holy word
 f - a scroll of enchant armour
 g - a scroll of noise
 k - a scroll of immolation
 l - 4 scrolls of identify
 m - a scroll of fog
 s - 4 scrolls of amnesia
Potions
 n - 4 potions of resistance
 p - 2 potions of flight
 q - 3 potions of haste


   Skills:
 + Level 8.2 Fighting
 + Level 7.0 Axes
 + Level 5.7 Armour
 - Level 8.0 Shields
 + Level 5.5 Evocations


You had 9 spell levels left.
You didn't know any spells.
Your spell library contained the following spells:

 Spells                   Type           Power      Damage    Failure   Level
 Confusing Touch          Hex            0%         N/A       95%         3
 Ozocubu's Armour         Ice            0%         N/A       95%         3
 Tukima's Dance           Hex            0%         N/A       95%         3
 Anguish                  Hex/Necr       0%         N/A       100%        4
 Passage of Golubria      Tloc           0%         N/A       100%        4
 Summon Lightning Spire   Summ/Air       0%         N/A       100%        4
 Metabolic Englaciation   Hex/Ice        0%         N/A       100%        5
 Yara's Violent Unravell  Hex/Tmut       0%         3d3       100%        5
 Simulacrum               Ice/Necr       0%         N/A       100%        6
 Enfeeble                 Hex            0%         N/A       100%        7
 Storm Form               Tmut/Air       0%         N/A       100%        7
 Maxwell's Capacitive Co  Air            0%         ∞         100%        8


Dungeon Overview and Level Annotations

Branches:
Dungeon (8/15)             Temple (0/1) D:7         Ossuary (visited)
   Lair: D:8-11

Altars:

Shops:
D:1 (   D:4 (   D:7 [

Annotations:
D:5 2 transporters


Innate Abilities, Weirdness & Mutations

You cannot be hasted, slowed, berserked, paralysed or teleported.
You can dig through walls and to a lower floor.
You have a pair of large antennae on your head. (SInv)
Your four strong arms can wield two-handed weapons with a shield.


Message History

You slash the unseen horror!
The unseen horror is moderately wounded.
The unseen horror hits you but does no damage. x2
You block the unseen horror's attack.
You hit the unseen horror.
The unseen horror is moderately wounded.
You block the unseen horror's attack. The unseen horror barely misses you.
The unseen horror hits you but does no damage.
You slash the unseen horror!
The unseen horror is heavily wounded.
The unseen horror hits you but does no damage.
You block the unseen horror's attack.
You hit the unseen horror.
The unseen horror is severely wounded.
You block the unseen horror's attack. The unseen horror hits you.
* * * LOW HITPOINT WARNING * * *
You hit the unseen horror but do no damage.
The unseen horror is severely wounded.
The unseen horror hits you but does no damage.
The unseen horror hits you.
* * * LOW HITPOINT WARNING * * *
You slash the unseen horror!
The unseen horror is almost dead.
The unseen horror hits you!
* * * LOW HITPOINT WARNING * * *
Okay, then.
Okay, then.
Unknown command.
Unknown command.
Press: ? - help, v - describe, . - travel, g - get item
Here: an unseen horror (severely wounded, slightly transparent) Item here: a water moccasin corpse.
The floor, spattered with blood.
Unknown command.
Unknown command.
Unknown command.
You closely miss the unseen horror.
The unseen horror is severely wounded.
The unseen horror hits you.
You die...

#,*,,,,,,,,,,,,,,,,****,
#.###########..#*#.#*,,,
#?#.....#*.....###..,,#*
#.......##......##..##.,
*#..........#.#O##....##
#.......##.....##......
*#########.#.#..##.....
#.....##..............
#.###@##........#K#K..
#.# #x##.....#...oyD##
#.# #.#..x...##K#y#{..
#.# #...#######.KS{{##
#.# ##### #..KO{K{{.#
#.# ###§##u#O##.# #.#
##..{{{##.#*.{ #.#
#{.≈§§§{#.#,{# #.#
####.≈§§§§{#..,{.


You could see an unseen horror (invisible).

Vanquished Creatures
  Grinder (D:6)
  Sigmund (D:2)
  Menkaure (D:6)
  A water moccasin (D:7)
  A sky beast (D:5)
  2 wolves (D:5)
  A phantom (D:6)
  3 elf zombies (Ossuary)
  3 scorpions (D:5)
  2 gnoll sergeants (D:5)
  4 wights (D:6)
  5 killer bees (D:7)
  9 hounds
  2 human zombies (Ossuary)
  2 centaur zombies
  2 gnoll shamans (D:5)
  2 jellies
  2 iguanas
  An orc wizard (D:8)
  2 mummies (Ossuary)
  22 gnolls
  7 adders
  An adder skeleton (D:2)
  3 adder zombies (Ossuary)
  2 dart slugs
  10 orcs
  5 bats
  4 endoplasms
  4 giant cockroaches
  21 hobgoblins
  7 jackals (D:5)
  9 kobolds
  5 quokkas
  6 ball pythons
  3 frilled lizards (D:2)
  34 goblins
  12 hobgoblin zombies (Ossuary)
  A jackal zombie (Ossuary)
  10 kobold zombies (Ossuary)
  4 orc zombies (Ossuary)
  9 rats
  A rat zombie (Ossuary)
227 creatures vanquished.

Vanquished Creatures (collateral kills)
  4 gnolls (D:5)
4 creatures vanquished.

Vanquished Creatures (others)
  A gnoll (D:4)
  A goblin (D:4)
  A hobgoblin (D:4)
3 creatures vanquished.

Grand Total: 234 creatures vanquished

Notes
Turn   | Place    | Note
-------+----------+-------------------------------------------
     0 | D:1      | hikkokomori the Formicid Fighter began the quest for the
                  | Orb.
     0 | D:1      | Reached XP level 1. HP: 18/18 MP: 1/1
    82 | D:1      | Reached XP level 2. HP: 23/24 MP: 2/2
   231 | D:1      | Found Goisoch's Weapon Shop.
   624 | D:1      | Reached XP level 3. HP: 27/30 MP: 3/3
   980 | D:2      | Noticed Sigmund
   993 | D:2      | Killed Sigmund
   994 | D:2      | Reached skill level 5 in Shields
   994 | D:2      | Reached XP level 4. HP: 24/38 MP: 4/4
   994 | D:2      | Reached XP level 5. HP: 27/43 MP: 5/5
  1122 | D:2      | Reached XP level 6. HP: 41/49 MP: 6/6
  2305 | D:3      | Reached skill level 5 in Fighting
  2993 | D:4      | Found Ahuown's Antique Weapon Shoppe.
  3408 | D:4      | Reached XP level 7. HP: 55/56 MP: 7/7
  4381 | D:5      | Entered Level 5 of the Dungeon
  4497 | D:5      | Reached skill level 1 in Evocations
  4506 | D:5      | Reached skill level 5 in Axes
  4506 | D:5      | Reached XP level 8. HP: 9/64 MP: 8/8
  4855 | D:5      | Found a sand-covered staircase.
  4855 | D:5      | Found a transporter.
  4863 | Ossuary  | Entered an ossuary
  5302 | Ossuary  | Reached XP level 9. HP: 58/72 MP: 9/9
  6519 | D:5      | Found a transporter.
  6908 | D:6      | Noticed Grinder
  6916 | D:6      | Killed Grinder
  7241 | D:6      | Noticed Menkaure
  7259 | D:6      | Killed Menkaure
  7260 | D:6      | Reached skill level 5 in Armour
  7489 | D:6      | Reached skill level 5 in Evocations
  7886 | D:7      | Found Reowkox's Antique Armour Shop.
  7889 | D:7      | Noticed an unseen horror
  7906 | D:7      | Noticed a two-headed ogre
  7907 | D:7      | Noticed a manticore
  7909 | D:7      | Noticed a white ugly thing
  7913 | D:7      | Noticed a two-headed ogre
  7915 | D:7      | Noticed a troll
  7939 | D:7      | You fall into a shaft and drop 1 floor!
  8082 | D:7      | Reached XP level 10. HP: 44/80 MP: 10/10
  8164 | D:7      | HP: 2/80 [unseen horror (8)]
  8165 | D:7      | Slain by an unseen horror

Illustrated notes

Levels and vault maps discovered:
D:1:      minmay_arrival_hallway, layout_rooms, serial_shops,
          nicolae_shop_bloodbath_and_beyond
D:2:      layout_basic, interstate_on_off, uniq_sigmund
D:3:      layout_loops_cross, serial_bayou_pond_e
D:4:      minmay_goblin_kobold_castle, layout_cave_pools, serial_shops,
          nicolae_diamond_shop
D:5:      gammafunk_cloud_chamber, layout_cave_pools, serial_gnoll_camp,
          gnoll_camp_mini_sergeant, gnoll_camp_mini_doghouse,
          gnoll_camp_mini_loothouse, gnoll_camp_medium_02, gnoll_camp_mini_hut,
          gnoll_camp_mini_doghouse, enter_ossuary_1
D:6:      layout_basic, lightli_orcish_oven, uniq_grinder, uniq_menkaure
D:7:      minmay_the_grid_four_pointed_star
          [minmay_the_grid_triangle_9x9_longest,
          minmay_the_grid_triangle_9x9_impossible_snake,
          minmay_the_grid_triangle_9x9_fully_insulated_deathbox,
          minmay_the_grid_triangle_9x9_warning,
          minmay_the_grid_prize_four_corners_diamond_a], layout_rooms,
          minmay_temple_entry_nine_rooms, serial_shops, nicolae_lakefront_shop,
          enter_bailey_8, serial_co_window_serial, co_window_corner_a,
          co_window_paths_a, co_window_paths_a, co_window_paths_a,
          co_window_corner_a, co_window_of_opportunity_c,
          co_window_of_opportunity_b, co_window_broadway_b,
          co_window_of_opportunity_b, co_window_paths_e, glass_columns_a,
          glass_columns_b, glass_columns_a, glass_columns_a, glass_columns_a
D:8:      layout_cave_pools, uniq_maggie, uniq_erica, uniq_grum

Skill      XL: |  1  2  3  4  5  6  7  8  9 10 |
---------------+-------------------------------+-----
Shields        | 4 5 6 7 8 |  8.0
Fighting       | 4 5 6 7 8 |  8.2
Axes           | 3 4 5 6 7 |  7.0
Evocations     | 1 3 5 |  5.5
Armour         | 5 |  5.7

Action                   |  1- 3 |  4- 6 |  7- 9 | 10-12 || total
-------------------------+-------+-------+-------+-------++-------
Melee: War axe           |    80 |   132 |   539 |    38 ||   789
Throw: Throwing net      |       |       |     1 |       ||     1
 Abil: Shaft Self        |       |       |     1 |       ||     1
Evoke: Wand              |       |       |     9 |       ||     9
  Use: Scroll            |       |     2 |    13 |       ||    15
       Potion            |       |       |     6 |       ||     6
 Stab: Paralysed         |       |       |     9 |       ||     9
Armor: Scale mail        |    40 |    56 |   290 |    36 ||   422
       Skin              |       |       |    63 |       ||    63
Dodge: Dodged            |    37 |    55 |   285 |    20 ||   397
Block: Buckler           |    21 |    39 |   167 |    15 ||   242
